 Dungeon Crawl Stone Soup version 0.28.0-53-g5a82cb258f (webtiles) character file.

Game seed: 9411386120864929912

6883 Tirrikindir the Carver (level 11, -15/74 HPs)
             Began as an Octopode Fighter on Aug 16, 2022.
             Was an Initiate of Gozag.
             Demolished by a komodo dragon (32 damage)
             ... on level 11 of the Dungeon.
             The game lasted 00:27:10 (10084 turns).

Tirrikindir the Carver (Octopode Fighter)          Turns: 10084, Time: 00:27:12

Health: -15/74     AC:  1    Str: 17    XL:     11   Next: 6%
Magic:  20/20      EV: 13    Int: 12    God:    Gozag
Gold:   230        SH: 10    Dex: 11    Spells: 10/10 levels left

rFire   . . .      SeeInvis +   c - +4 falchion "Jiaduz" {venom, rC+ Will+ Dex-2 SInv}
rCold   + . .      Faith    .   j - +1 kite shield
rNeg    . . .      Spirit   .   (helmet restricted)
rPois   .          Reflect  .   h - amulet of regeneration
rElec   .          Harm     .   d - ring of willpower
rCorr   +          Rampage  .   w - ring of magical power
Will    ++...                   x - ring of resist corrosion
Stlth   +++++.....              (no ring)
HPRegen 1.02/turn               (no ring)
MPRegen 0.17/turn               (no ring)
                                (no ring)
                                (no ring)

@: no status effects
A: almost no armour, amphibious, 8 rings, camouflage 1, gelatinous body 1,
(nimble swimmer 1), tentacles
a: Renounce Religion, Potion Petition, Call Merchant, Bribe Branch


You were on level 11 of the Dungeon.
You worshipped Gozag.
Gozag was aware of your devotion.
You visited 2 branches of the dungeon, and saw 12 of its levels.

You collected 1585 gold pieces.
You spent 234 gold pieces at shops.
You paid 1121 gold pieces to Gozag.

Inventory:

Hand Weapons
 a - a +1 long sword
 c - the +4 falchion "Jiaduz" (weapon) {venom, rC+ Will+ Dex-2 SInv}
   (You took it off a tengu warrior on level 10 of the Dungeon)

   It poisons the flesh of those it strikes.
   Dex:       It affects your dexterity (-2).
   rC:        It protects you from cold.
   SInv:      It lets you see invisible.
   Will:      It increases your willpower.
 p - a +2 dagger of electrocution
Missiles
 v - 2 poisoned darts (quivered)
Armour
 j - a +1 kite shield (worn)
Jewellery
 d - a ring of willpower (left tentacle)
 h - an amulet of regeneration (around mantle)
 w - a ring of magical power (right tentacle)
 x - a ring of resist corrosion (on tentacle)
Wands
 g - a wand of iceblast (15)
 k - a wand of polymorph (8)
 u - a wand of mindburst (9)
Scrolls
 i - 2 scrolls of fear
 l - 3 scrolls of amnesia
 m - a scroll of silence
 n - 2 scrolls of immolation
 q - a scroll of torment
 r - 3 scrolls of blinking
 s - a scroll of vulnerability {unknown}
 t - a scroll of teleportation
 y - a scroll of enchant weapon
Potions
 b - a potion of brilliance
 e - 3 potions of curing
 f - 2 potions of resistance
 o - 4 potions of heal wounds
 A - a potion of haste
 B - 2 potions of berserk rage {unknown}
 C - a potion of ambrosia {unknown}


   Skills:
 * Level 6.7 Fighting
 * Level 10.9 Long Blades
 * Level 6.7 Dodging
 + Level 8.3 Stealth
 * Level 6.7 Shields
 + Level 4.5 Evocations


You had 10 spell levels left.
You didn't know any spells.
Your spell library contained the following spells:

 Spells                   Type           Power      Damage    Failure   Level
 Freeze                   Ice            0%         1d3       65%         1
 Ensorcelled Hibernation  Hex/Ice        0%         N/A       78%         2
 Passwall                 Tmut/Erth      0%         N/A       78%         2
 Dazzling Flash           Conj/Hex       0%         N/A       95%         3
 Frozen Ramparts          Ice            0%         1d2       95%         3
 Summon Guardian Golem    Hex/Summ       0%         N/A       95%         3
 Swiftness                Air            0%         N/A       95%         3
 Hailstorm                Conj/Ice       0%         3d3       100%        4
 Passage of Golubria      Tloc           0%         N/A       100%        4
 Summon Ice Beast         Ice/Summ       0%         N/A       100%        4
 Silence                  Hex/Air        0%         N/A       100%        5
 Summon Mana Viper        Hex/Summ       0%         N/A       100%        5
 Enfeeble                 Hex            0%         N/A       100%        7
 Monstrous Menagerie      Summ           0%         N/A       100%        7
 Lehudib's Crystal Spear  Conj/Erth      0%         10d2      100%        8


Dungeon Overview and Level Annotations

Branches:
Dungeon (11/15)            Temple (1/1) D:5             Orc (0/2) D:9
   Lair: D:8-11

Altars:
Ashenzari
Cheibriados
Dithmenos
Elyvilon
Fedhas
Gozag
Hepliaklqana
Kikubaaqudgha
Makhleb
Nemelex Xobeh
Okawaru
Qazlal
Ru
Sif Muna
Trog
Uskayaw
Vehumet
Wu Jian
Xom
Yredelemnul
Zin
The Shining One

Shops:
D:9 *

Annotations:
D:8 1 runed translucent door, DemonSlayer's ghost, novice DsFE


Innate Abilities, Weirdness & Mutations

You cannot wear most types of armour.
You are amphibious.
You can wear up to eight rings at the same time.
Your skin changes colour to match your surroundings (Stealth+).
Your rubbery body absorbs attacks. (AC +1, EV +1)
((You are camouflaged when in or above water. (Stealth+)))
You have tentacles for arms and can constrict up to eight enemies at once.


Message History

The centaur warrior zombie hits you but does no damage.
The centaur warrior zombie kicks you.
You hit the centaur warrior zombie. You squeeze the centaur warrior zombie.
The centaur warrior zombie is lightly damaged.
You block the centaur warrior zombie's attack.
The centaur warrior zombie barely misses you.
You slash the centaur warrior zombie!
The centaur warrior zombie is moderately damaged.
The centaur warrior zombie hits you! The centaur warrior zombie kicks you.
You hit the centaur warrior zombie. You squeeze the centaur warrior zombie.
The centaur warrior zombie is moderately damaged.
The centaur warrior zombie hits you.
The centaur warrior zombie barely misses you.
You hit the centaur warrior zombie but do no damage.
The centaur warrior zombie is moderately damaged.
The centaur warrior zombie hits you. The centaur warrior zombie kicks you.
The komodo dragon misses you. The centaur warrior zombie hits you.
The centaur warrior zombie misses you.
You slash the komodo dragon!
The komodo dragon is poisoned.
You tentacle-slap the komodo dragon.
The komodo dragon is heavily wounded.
The komodo dragon bites you.
The centaur warrior zombie barely misses you.
The centaur warrior zombie kicks you but does no damage.
You barely miss the komodo dragon. Your squeeze misses the komodo dragon.
The komodo dragon is heavily wounded.
The komodo dragon bites you!!
* * * LOW HITPOINT WARNING * * *
You block the centaur warrior zombie's attack.
The centaur warrior zombie kicks you.
* * * LOW HITPOINT WARNING * * *
You hit the komodo dragon but do no damage.
The komodo dragon looks as sick as possible!
The komodo dragon is heavily wounded.
The centaur warrior zombie hits you.
* * * LOW HITPOINT WARNING * * *
The centaur warrior zombie closely misses you.
The komodo dragon bites you!!
You die...
Your body crumbles into a pile of gold.

########
##.(....##
####........##
.............#
.............#
......(......#
.......<.....#
...?.........#
.......@(...##
.......Zl....#
≈≈.............
$
≈≈...........#.
........$....#
≈≈.............
≈...........##.
.............


You could see a komodo dragon (extremely poisoned) and a centaur warrior zombie.

Vanquished Creatures
  2 two-headed ogres (D:10)
  A tengu warrior (D:10)
  A wizard (D:7)
  A shadow (D:7)
  9 yaks
  A vampire (D:10)
  Eustachio (D:5)
  A steam dragon (D:7)
  A water moccasin (D:9)
  A sky beast (D:6)
  An ice beast (D:7)
  2 orc warriors
  2 black bears
  3 necrophages
  4 ogres
  3 centaurs
  A phantom (D:7)
  2 bullfrogs (D:7)
  2 gnoll sergeants
  A scorpion (D:5)
  3 wights (D:8)
  2 howler monkeys (D:7)
  2 jellies
  A bullfrog zombie (D:6)
  2 centaur zombies
  6 hounds
  A centaur skeleton (D:7)
  3 orc priests
  2 gnoll shamans (D:9)
  4 iguanas
  3 orc wizards
  A killer bee zombie (D:7)
  A hound zombie (D:5)
  A hound skeleton (D:4)
  11 gnolls
  6 adders
  4 white imps
  3 ufetubi
  A worm (D:3)
  3 dart slugs
  20 orcs
  7 ball pythons
  3 endoplasms
  3 giant cockroaches
  9 goblins
  12 hobgoblins
  4 jackals (D:1)
  4 quokkas
  6 bats
  7 frilled lizards
  11 kobolds
  5 rats
191 creatures vanquished.

Vanquished Creatures (others)
  76 plants
76 creatures vanquished.

Grand Total: 267 creatures vanquished

Notes
Turn   | Place    | Note
-------+----------+-------------------------------------------
     0 | D:1      | Tirrikindir the Octopode Fighter began the quest for the
                  | Orb.
     0 | D:1      | Reached XP level 1. HP: 16/16 MP: 1/1
   150 | D:1      | Reached XP level 2. HP: 4/21 MP: 2/2
   406 | D:1      | Reached skill level 1 in Stealth
   831 | D:1      | Reached XP level 3. HP: 22/26 MP: 3/3
  2038 | D:3      | Reached XP level 4. HP: 29/31 MP: 4/4
  2125 | D:3      | Found a faded altar of an unknown god.
  2212 | D:3      | Reached skill level 3 in Long Blades
  3017 | D:4      | You fall into a shaft and drop 2 floors!
  3049 | D:6      | Reached XP level 5. HP: 36/36 MP: 5/5
  3073 | D:6      | Noticed a sky beast
  3084 | D:6      | Killed a sky beast
  3085 | D:6      | Reached XP level 6. HP: 11/43 MP: 6/6
  3294 | D:6      | HP: 1/43 [acid (9)]
  3567 | D:6      | Reached skill level 4 in Long Blades
  3720 | D:5      | Entered Level 5 of the Dungeon
  3812 | D:5      | Noticed a necrophage
  3829 | D:5      | Reached skill level 1 in Evocations
  3854 | D:5      | Reached XP level 7. HP: 34/48 MP: 7/7
  4903 | D:5      | Reached skill level 5 in Long Blades
  4938 | D:5      | Found a staircase to the Ecumenical Temple.
  4947 | Temple   | Entered the Ecumenical Temple
  5008 | Temple   | Became a worshipper of Gozag Ym Sagoz the Greedy
  5545 | D:5      | Reached skill level 5 in Stealth
  5560 | D:5      | Noticed Eustachio
  5572 | D:5      | Killed Eustachio
  5573 | D:5      | Reached skill level 6 in Long Blades
  5573 | D:5      | Reached XP level 8. HP: 48/54 MP: 8/8
  6600 | D:7      | Noticed a wizard
  6610 | D:7      | Killed a wizard
  6611 | D:7      | Reached skill level 7 in Long Blades
  6794 | D:7      | Noticed a shadow
  6802 | D:7      | Killed a shadow
  6803 | D:7      | Reached XP level 9. HP: 45/59 MP: 9/9
  6945 | D:7      | Reached skill level 5 in Dodging
  6947 | D:7      | Reached skill level 5 in Fighting
  6947 | D:7      | Reached skill level 5 in Shields
  7057 | D:7      | Reached skill level 8 in Long Blades
  7357 | D:8      | Got Buser's Incunabulum of Bewitchment
  7523 | D:8      | Found a runed translucent door.
  7533 | D:8      | Reached skill level 9 in Long Blades
  7533 | D:8      | Noticed a green ugly thing
  7533 | D:8      | Noticed DemonSlayer's ghost (novice DsFE)
  7886 | D:8      | Reached skill level 10 in Long Blades
  7899 | D:8      | Reached XP level 10. HP: 43/66 MP: 10/10
  8183 | D:9      | Found an ancient bone altar of Kikubaaqudgha.
  8916 | D:9      | HP: 1/68 [gnoll sergeant/+0 trident (15)]
  9132 | D:9      | Found a staircase to the Orcish Mines.
  9260 | D:9      | Bought 2 fizzy dark potions for 48 gold pieces
  9260 | D:9      | Bought a grey potion for 24 gold pieces
  9260 | D:9      | Bought a scroll of identify for 54 gold pieces
  9260 | D:9      | Bought a scroll of identify for 54 gold pieces
  9260 | D:9      | Bought a scroll of identify for 54 gold pieces
  9268 | D:10     | Entered Level 10 of the Dungeon
  9568 | D:10     | Noticed a two-headed ogre
  9584 | D:10     | Killed a two-headed ogre
  9726 | D:10     | Identified the +4 falchion "Jiaduz" {venom, rC+ Will+ Dex-2
                  | SInv}
  9726 | D:10     | Noticed a tengu warrior
  9730 | D:10     | Noticed a two-headed ogre
  9748 | D:10     | Killed a tengu warrior
  9802 | D:10     | Killed a two-headed ogre
  9803 | D:10     | Reached XP level 11. HP: 34/74 MP: 11/11
 10084 | D:11     | Demolished by a komodo dragon

Illustrated notes

Levels and vault maps discovered:
D:1:      nicolae_arrival_somewhat_less_tricky_arrival, layout_loops_ring,
          chequers_garden, wander_ebering_terrifying_dragon_lair
D:2:      layout_loops_cross
D:3:      layout_rooms, shapermc_ecumenical_altar_hornbeckon, serial_bayou,
          serial_bayou_pond_b, serial_bayou_pond_c, serial_bayou_lake_a,
          serial_bayou_lagoon_b, kennysheep_generic_room_15
D:4:      layout_basic, amcnicky_mini_rare_corridor_liquid,
          chequers_serial_rivers_room_a, minivault_24, chequers_big_river
D:5:      layout_basic, temple_statues, kennysheep_small_square, uniq_eustachio
D:6:      layout_basic
D:7:      cheibrodos_wizards_tower, layout_rooms
D:8:      layout_basic, ebering_ghost_inner_flame, corexii_leaking_fountain
D:9:      kennysheep_housing_project, layout_loops_ring,
          mainiacjoe_overflow_alcove_2, orc_0_dummy
D:10:     layout_basic
D:11:     layout_rooms, minmay_lair_entry_grove, ebering_ghost_funeral_grove,
          disabler_island
Temple:   mainiacjoe_temple_starburst

Skill      XL: |  1  2  3  4  5  6  7  8  9 10 |
---------------+-------------------------------+-----
Stealth        | 1 2 3 4 5 6 7 8 |  8.3
Long Blades    | 3 4 6 7 10 | 10.9
Dodging        | 4 5 6 |  6.7
Shields        | 4 5 6 |  6.7
Fighting       | 4 5 6 |  6.7
Evocations     | 1 3 4 |  4.5

Action                   |  1- 3 |  4- 6 |  7- 9 | 10-12 || total
-------------------------+-------+-------+-------+-------++-------
Melee: Long sword        |    82 |   106 |   170 |       ||   358
       Constrict         |    13 |    45 |    39 |    55 ||   152
       Tentacles         |    13 |    32 |    61 |    61 ||   167
       Punch             |       |     2 |     3 |     4 ||     9
       Falchion          |       |       |    44 |   191 ||   235
Throw: Dart              |       |       |     4 |     8 ||    12
Invok: Potion Petition   |       |       |       |     1 ||     1
       Call Merchant     |       |       |       |     1 ||     1
Evoke: Wand              |       |       |     4 |     1 ||     5
  Use: Scroll            |     4 |     4 |     5 |     5 ||    18
       Potion            |     2 |     4 |     2 |     4 ||    12
 Stab: Sleeping          |     7 |     9 |    12 |     5 ||    33
       Distracted        |       |     1 |     1 |     1 ||     3
Armor: Skin              |     5 |     3 |     4 |     9 ||    21
Dodge: Dodged            |    51 |    41 |    99 |    63 ||   254
Block: Buckler           |    11 |    17 |       |       ||    28
       Kite shield       |       |     1 |   107 |    77 ||   185
